Cogmind - Beta 13 @@@ ROGUE MODE // 2024.05.29 @ 20:53:19 Player: Comet Result: Destroyed by G-47 Trooper with Particle Gun Performance ------------- Evolutions (0) 0 Regions Visited (2) 400 Robots Destroyed (39) 195 Value Destroyed (537) 537 Prototype IDs (0) 0 Alien Tech Used (0) 0 Bonus (25) 25 TOTAL SCORE: 1157 Bonus ------- High Alert Combat Kills 11 Follower Combat Kills 14 Cogmind --------- Core Integrity 0/250 Matter 290/300 Energy 100/100 System Corruption 9% Temperature Cool (9) Movement Walking (120) Location -10/Mines Parts ------- > --- POWER (1) -------- (None) > --- PROPULSION (2) --- Aluminum Leg > --- UTILITY (2) ------ Signal Interpreter > --- WEAPON (2) ------- Light Assault Rifle Mining Claw > --- INVENTORY (5) ---- Flight Unit Medium Storage Unit Improved Terrain Scanner Grenade Launcher Datajack Peak State ------------ > --- POWER ------------ Ion Engine > --- PROPULSION ------- Light Treads Light Treads > --- UTILITY ---------- Small Storage Unit Improved Terrain Scanner > --- WEAPON ----------- Light Assault Rifle Light Assault Rifle > --- INVENTORY -------- (None) [Rating: 9] Favorites ----------- Power Light Ion Engine Engine Light Ion Engine Propulsion Flight Unit Treads Light Treads Leg Aluminum Leg Flight Unit Flight Unit Utility Signal Interpreter Device Improved Terrain Scanner Storage Small Storage Unit Processor Signal Interpreter Weapon Light Assault Rifle Ballistic Gun Light Assault Rifle Special Weapon Mining Laser Slashing Weapon Mining Claw Build | -11 -10 -10 ------- Run | Yrd Mat Min Slots Evolved . | . . . Power . | . . . Propulsion . | . . . Utility . | . . . Weapon . | . . . Parts Attached 26 | 7 17 2 Power 4 | 1 2 1 Engine 4 | 1 2 1 Core . | . . . Reactor . | . . . Propulsion 9 | 2 6 1 Treads 4 | 2 2 . Leg 1 | . . 1 Wheel . | . . . Hover . | . . . Flight 4 | . 4 . Utility 5 | 2 3 . Device 2 | 1 1 . Storage 1 | 1 . . Processor 2 | . 2 . Hackware . | . . . Protection . | . . . Artifact . | . . . Weapon 8 | 2 6 . Energy Gun . | . . . Energy Cannon . | . . . Ballistic Gun 6 | 2 4 . Ballistic Cannon . | . . . Launcher . | . . . Special Weapon 1 | . 1 . Impact Weapon . | . . . Slashing Weapon 1 | . 1 . Piercing Weapon . | . . . Special Melee Weapon . | . . . Unidentified Prototypes . | . . . Parts Lost 6 | . 2 4 Power 1 | . . 1 Propulsion 3 | . 1 2 Utility 1 | . . 1 Weapon 1 | . 1 . Highest Loss Streak 3 | . 2 3 To Critical Strikes . | . . . Average Slot Usage (%) 96 | . 97 96 Engine 13 | . 14 13 Treads 11 | . 16 . Flight 15 | . 11 24 Device 12 | . 12 12 Storage 2 | . 3 . Processor 12 | . 12 14 Ballistic Gun 18 | . 20 14 Special Weapon 1 | . 1 . Slashing Weapon 6 | . 3 14 Naked Turns . | . . . Heaviest Build 14 | 13 14 7 Greatest Support 40 | 40 40 10 Greatest Overweight (x) 2 | . 2 2 Average Overweight (x) . | . . . Largest Inventory Capacity 8 | 8 8 5 Average Capacity 5 | 7 5 5 Most Carried 5 | 1 5 5 Average Carried 3 | . 3 5 Final Capacity 8 | 8 5 5 Final Carried 5 | 1 5 5 Class Distribution -------------------- 54% | Scavenger-Mutant 45% | Mutant Dominant Class ---------------- Mutant | -10/Materials Scavenger-Mutant | -10/Mines Resources | -11 -10 -10 ----------- Run | Yrd Mat Min Matter Collected 861 | 286 547 28 Remotely . | . . . Salvage Created 1259 | 116 992 151 Parts 81 | 9 63 9 Haulers Intercepted 2 | . 2 . Recyclers Shooed 6 | 1 5 . Parts Field Recycled . | . . . Retrieved Matter . | . . . Parts Self-Destructed . | . . . Prevented . | . . . Kills | -11 -10 -10 ------- Run | Yrd Mat Min Combat Hostiles Destroyed 14 | . 12 2 Melee 1 | . . 1 Guns 12 | . 11 1 Cannons 1 | . 1 . Classes Destroyed 9 | 2 7 . Worker 7 | . 6 1 Builder 3 | . 3 . Tunneler 2 | 2 . . Hauler 2 | . 2 . Recycler 7 | 1 5 1 Operator 1 | . 1 . Watcher 3 | . 3 . Swarmer 7 | . 6 1 Grunt 7 | . 6 1 Best Kill Streak 6 | 1 6 1 Combat Bots Only 3 | . 3 1 Max Kills in Single Turn 1 | 1 1 1 Gunslinging . | . . . Exploded . | . . . Melee 1 | . . 1 Uniques/NPCs Destroyed . | . . . Combat | -11 -10 -10 -------- Run | Yrd Mat Min Hostile Shots Fired 91 | . 69 22 Missed 30 | . 24 6 Damage Taken 852 | . 580 272 Core 254 | . 166 88 Absorbed by Shields . | . . . Core Remaining (%) 100 | 100 . . Volleys Fired 124 | 9 107 8 Largest 2 | 2 2 1 Hottest 100 | 40 100 20 Shots Fired 231 | 18 205 8 Gun 223 | 18 197 8 Cannon . | . . . Launcher . | . . . Special 8 | . 8 . Kinetic 223 | 18 197 8 Thermal 8 | . 8 . Explosive . | . . . Electromagnetic . | . . . Robot Hit Streak 10 | 4 10 3 Robot Miss Streak 6 | 2 6 3 Penetration Max . | . . . Secondary Targets . | . . . Shots Hit Robots 139 | 11 113 15 Core Hits 57 | 5 47 5 Critical Kills . | . . . Critical Parts Destroyed 1 | . 1 . Critical Strikes 1 | . 1 . Destroy 1 | . 1 . Melee Attacks 37 | . 11 26 Impact . | . . . Slashing 37 | . 11 26 Piercing . | . . . Sneak Attacks 5 | . 1 4 Combat Hostiles . | . . . Follow-up Attacks . | . . . Damage Inflicted 2050 | 92 1605 353 Guns 1172 | 92 1036 44 Cannons . | . . . Explosions 325 | . 325 . Melee 481 | . 172 309 Ramming . | . . . Kinetic 1172 | 92 1036 44 Thermal 72 | . 72 . Explosive 293 | . 293 . Electromagnetic 32 | . 32 . Impact . | . . . Slashing 481 | . 172 309 Piercing . | . . . Highest Corruption 9 | . 1 9 Average Corruption 1 | . 1 1 Corruption Purged . | . . . Corruption Blocked . | . . . Effects 8 | . 4 4 Message Errors 3 | . 2 1 Matter Fused 2 | . 1 1 Energy Discharges 1 | . 1 . Parts Fused 1 | . . 1 Data Loss (minor) 1 | . . 1 Overload Shots . | . . . Overflow Damage 143 | . 74 69 Projectiles . | . . . Explosions 54 | . 54 . Melee 89 | . 20 69 Knockbacks . | . . . Impact . | . . . Kinetic . | . . . Secondary . | . . . Self-Inflicted Damage 141 | . 141 . Shots 3 | . 3 . Rammed . | . . . Targets Rammed . | . . . Kicked . | . . . Crushed . | . . . Highest Temperature 184 | . 184 4 Average Temperature 43 | . 48 2 Received Heat Transfer 279 | . 180 99 Siege Activations . | . . . Robots Corrupted . | . . . Combat Hostiles . | . . . Parts Fried . | . . . Impact Corruptions . | . . . Robots Melted . | . . . Combat Hostiles . | . . . Parts Melted . | . . . Heat Transferred 150 | . 150 . Parts Sabotaged . | . . . Parts Stolen . | . . . Parts Stripped . | . . . Power Chain Reactions . | . . . Alert | -11 -10 -10 ------- Run | Yrd Mat Min Peak Influence 469 | 15 469 273 Initial 182 | . 9 182 Average 254 | 5 321 171 Maximum Alert Level 2 | . 2 1 Low Security (%) 36 | 100 10 74 Level 1 51 | . 69 25 Level 2 12 | . 19 . Level 3 . | . . . Level 4 . | . . . Level 5 . | . . . High Security . | . . . Max Security . | . . . Squads Dispatched 1 | . 1 . Investigation . | . . . Extermination . | . . . Reinforcement 1 | . 1 . Assault . | . . . Garrison . | . . . Intercept . | . . . Searches Triggered . | . . . Construction Impeded . | . . . Haulers Reinforced . | . . . Active Scanning Responses . | . . . Cargo Convoy Interrupts . | . . . Stealth | -11 -10 -10 --------- Run | Yrd Mat Min Distress Signals 1 | . 1 . Communications Jammed . | . . . Distress Signals . | . . . Times Spotted 35 | . 28 7 Peak Tracking Total 4 | . 4 3 Tactical Retreats 8 | . 7 1 Traps | -11 -10 -10 ------- Run | Yrd Mat Min Traps Triggered 1 | . 1 . Indirectly . | . . . Trap Hack Attempts . | . . . Triggered . | . . . Disarmed . | . . . Reprogrammed . | . . . Reused . | . . . Traps Extracted . | . . . Installed . | . . . Triggered . | . . . Machines | -11 -10 -10 ---------- Run | Yrd Mat Min Machines Disabled 7 | . 6 1 Max in Single Turn 3 | . 3 . Machines Repaired . | . . . Machines Dismantled . | . . . Machines Sabotaged . | . . . Overloaded Fab Kills . | . . . Hacking | -11 -10 -10 --------- Run | Yrd Mat Min Machines Accessed 4 | . 4 . Terminals 2 | . 2 . Fabricators . | . . . Repair Stations . | . . . Recycling Units 2 | . 2 . Scanalyzers . | . . . Garrison Access . | . . . Total Hacks 5 | . 5 . Successful 4 | . 4 . Failed 1 | . 1 . Catastrophic . | . . . Database Lockouts . | . . . Manual . | . . . Terminals 3 | . 3 . Fabricators . | . . . Repair Stations . | . . . Recycling Units 2 | . 2 . Scanalyzers . | . . . Garrison Access . | . . . Terminal Hacks 2 | . 2 . Maintenance Status 1 | . 1 . Zone Layout 1 | . 1 . Fabricator Hacks . | . . . Repair Station Hacks . | . . . Recycling Unit Hacks 2 | . 2 . Report Inventory 2 | . 2 . Scanalyzer . | . . . Garrison Access Hacks . | . . . Unauthorized Hacks . | . . . Terminals . | . . . Fabricators . | . . . Repair Stations . | . . . Recycling Units . | . . . Scanalyzers . | . . . Garrison Access . | . . . Data Cores Recovered . | . . . Used . | . . . Hacking Detections 2 | . 2 . Full Trace Events . | . . . Feedback Events . | . . . Feedback Blocked . | . . . Robot Schematics Acquired . | . . . Robots Built . | . . . Authchips . | . . . Time . | . . . Total Robot Build Rating . | . . . Part Schematics Acquired . | . . . Parts Built . | . . . Authchips . | . . . Time . | . . . Total Part Build Rating . | . . . Parts Repaired . | . . . Time . | . . . Parts Recycled . | . . . Recycled Matter . | . . . Retrieved Matter . | . . . Retrieved Components . | . . . Parts Scanalyzed . | . . . Part Schematics Acquired . | . . . Parts Damaged . | . . . Bothacking | -11 -10 -10 ------------ Run | Yrd Mat Min Used RIF Installer . | . . . Robots Hacked . | . . . Non-combat . | . . . Combat . | . . . Robot Hacks Applied . | . . . Relay Couplers Released . | . . . Fabnet Peak Effective % . | . . . Robots Rewired . | . . . Allies Hacked . | . . . Hacks Repelled . | . . . Allies | -11 -10 -10 -------- Run | Yrd Mat Min Total Allies 3 | . . 3 Largest Group 2 | . . 2 Highest-Rated Group 45 | . . 45 Highest-Rated Ally 31 | . . 31 Total Orders . | . . . Ally Attacks 18 | . . 18 Total Damage 207 | . . 207 Kills 2 | . . 2 Allies Corrupted . | . . . Allies Melted 1 | . . 1 Intel | -11 -10 -10 ------- Run | Yrd Mat Min Robot Analysis Total . | . . . Derelict Logs Recovered 1 | . . 1 Drone Launches . | . . . Drone Recoveries . | . . . Exploration | -11 -10 -10 ------------- Run | Yrd Mat Min Turns Passed 1801 | 123 1134 544 Spaces Moved 2039 | 58 1113 868 Core 12 | 3 . 9 Treads 301 | 55 246 . Legs 5 | . . 5 Wheels . | . . . Hover . | . . . Flight 1721 | . 867 854 Fastest Speed 37 | 50 37 37 Average Speed 55 | 154 64 38 Slowest Speed 200 | 160 200 150 Overloaded Moves . | . . . Propulsion Burnouts . | . . . Robots Hopped 1 | . 1 . Cave-ins Triggered 1 | . . 1 Exploration Rate (%) 65 | 4 98 95 Regions Visited 2 Branch Regions 1 Pre-discovered Areas 1 | . . 1 Known Exits Taken 1 | . 1 . Unknown Exits Taken 1 | 1 . . Scrap Searched . | . . . Spaces Dug 10 | . . 10 Terrain Destroyed 49 | . 39 10 Melee 10 | . . 10 Projectile 3 | . 3 . AOE 36 | . 36 . Terrain Rammed . | . . . Walls Destroyed . | . . . Machines Disabled . | . . . Actions | -11 -10 -10 --------- Run | Yrd Mat Min Total 2402 | 74 1308 1020 Wait 147 | . 32 115 Move 2035 | 57 1110 868 Hop 1 | . 1 . Pick Up 13 | 1 12 . Fast Attach 19 | 7 11 1 Attach 3 | . 3 . Detach . | . . . Swap 4 | . 3 1 Drop 19 | . 18 1 Fire 124 | 9 107 8 Melee 37 | . 11 26 Ram . | . . . Kick . | . . . Crush . | . . . Escape Stasis . | . . . Rewire . | . . . Trap . | . . . Miscellaneous . | . . . Route ------- -11/Scrapyard -10/Materials (discovered 5 exits: *Mat x3 / *Min x2) -10/Mines (discovered 2 exits: *Mat x2) History --------- Turn | Location | Event 22 | -11/Scrapyard | Discovered new exit (range 16) 124 | -11/Scrapyard | Entered Materials 322 | -10/Materials | Build established: Mutant 510 | -10/Materials | Discovered new exit (range 8) 579 | -10/Materials | Core integrity fell below 50% 864 | -10/Materials | Discovered new exit (range 16) 886 | -10/Materials | Identified exit to Mines 995 | -10/Materials | Discovered new exit (range 3) 996 | -10/Materials | Discovered exit to Mines (range 15) 1079 | -10/Materials | Discovered new exit (range 13) 1221 | -10/Materials | Identified exit to Materials 1253 | -10/Materials | Build established: Scavenger-Mutant 1258 | -10/Materials | Entered Mines 1294 | -10/Mines | Discovered exit to Materials (range 8) 1309 | -10/Mines | Found a hidden stash of uninstalled traps 1430 | -10/Mines | Received a Mining Laser from a helpful Derelict 1630 | -10/Mines | Discovered exit to Materials (range 9) 1638 | -10/Mines | Learned location of Zion (-7) 1748 | -10/Mines | Crushed by falling debris 1787 | -10/Mines | Lost 3 parts (2n1u) 1795 | -10/Mines | Core integrity fell below 20% 1802 | -10/Mines | Destroyed by G-47 Trooper with Particle Gun Last Messages --------------- [Achievement: Part-time Excavator] The unstable cave ceiling collapses. Crushed by falling debris. [Achievement: Unlikely Earthworm] Flight Unit destroyed. System corrupted by crushing effect (+5). Flight Unit destroyed. System corrupted by crushing effect (+3). Sensor Array destroyed. G-34 Mercenary destroyed. System corrupted: Lgt. Ion Engine fused. Acquired Unknown Leg. Identified Aluminum Leg. Acquired 10 matter. G-47 Trooper Aluminum Leg ripped off. Lgt. Ion Engine destroyed. X8-P9Z(g): "You look like you can take it from here!" X8-P9Z(g) slips back into the shadows. System corrupted: Matter fused (-10). Map ----- +----------------------------------------------------+ | ??# #?##### ###########?????# #???# | | ??# """ #?# #??????########## ##??## | | ??# """ #?# #####??????# #???# ## | | ??# """ #?# #??????????# """ """ #???# ### # | | ??# #?# #??????????# """ """ #??## ### # | | ??########?# #??????????# """ """ #?## ## # | | ???????????# #??????????# ### < # # | | ???????????# #??????????# """ """ ## | | ???????????# #??????????# """ """ ## | | ???????????# #??????????# """ """ ### ##### | | ???????????# ##?????????# #?#######???? | | ??????????## ##????????#### ########??????###### | | ??????????# #???????????# #??## ######## # | | ?????????## #????????#### #?## # | = | | ???????### #????????# #?# !! = | | ???????# ##????????# ####?# !!! # | | ???????# ###?????????# #????## ! ! #### | | ???????# #??????###### #?????## !!! # ##??? | | ???????#### #??????# #??????## ####???? | | ??????????# #??????# ######???????## #####??????? | | ??????????# ######## ####??????????# #???????? | | ??????????# #?????###### ### | | ??????????########## ## #?????# """ "??? | | ???????????????##??# ## ####??# ####### """ "??? | | ???????????????# ### g ##?# #??????????????? | | ????????????????##; @ ### #??????????????? | | ???????##???????# ; #??????????????? | | ??????## ##?????# ;# #??????????????? | | ??????# ##????###### [ ##??????????????? | | ??????# ###???????##%## #???????????????# | | ??????# ##???????#!#### #???????????????# | | ??????## #???????# #??### #???????????????# | | ???????## #?####??# #????# %#???????????????# | | ????????## #### #### ###### #???????????????# | | ?????###?### #?# % #???????????????# | | ????## ##?# #?# ########## ###????????????## | | ????# ### ### ########### ####????????## | | ????# ## ## #??####### | | ?????# ### #### * | | ?????# # ##&& ## !% | | ?????# ## ##& & ###### ## #### | | ?????## #### ### ##### & # ##????# ## #??# | | ??????## # #??# #?# #??# # ????# ## #??# | | ???????# # #??# #?# #??# #### #??# ## ##### | | ???????# # #### ### #??# ##??? ##??# #?## | | ???????# # #??#####?????#??# #?? | | ???????# #???????????????# #? | | ???????##############???????????????## ### #? | | ?????????????????????????????????????####??# ##? | | ????????????????????????????????????????????###?? | +----------------------------------------------------+ Best States ------------- Heat Dissipation 25 Energy Generation 10 Energy Capacity 250 Matter Stores 300 Matter Capacity 300 Sight Range 16 Robot Scan Range 14 Terrain Scan Range 16 Terrain Scan Density 10 Evasion (%) 62 Recoil Reduction 2 Item Schematics ----------------- None Robot Schematics ------------------ None Fabricated ------------ Nothing Alien Tech Used ----------------- None Achievements -------------- Part-time Excavator Unlikely Earthworm Challenges ------------ None Game ------ Seed SmartbombChainFalx Manual? 0 Play Time 00:23:10 Cumulative 3.6 hours Start 2024.05.29 @ 20:30:38 End 2024.05.29 @ 20:53:19 Sessions 1 Manual Loads 0 Difficulty Rogue Special Mode None Game No. 4 Rogue 4 Adventurer 0 Explorer 0 Win Type - Total 0 Types 0/0/0/0/0/0/0/0/0 Lore% 10 Gallery% 6 Achievement% 9 Wizard Run 0 Options --------- Layout 1 ASCII 0 Keyboard 0 Movement Mouse Keybinds 0 Fullscreen 1 Font 24/Smallcaps Map View 50x35 Zoom Use 0% Tactical HUD 0 Map Filters NONE Filters NONE Steam 1 RUN: 606b8ee5-7c18-4fe5-9779-c9298c3aeb20